Selects Advanced Infantry Battlegroup
Construct Weapon Support Center
Selects Convert to Ranger Squad
Selects Convert to Ranger Squad
M1918 Browning Automatic Rifles
Selects Frontline Medical Station
Selects Frontline Medical Station
M3 Armored Personnel Carrier
Frontline Medical Station
Frontline Medical Station
Improved M9 Bazooka Rockets
Selects Artillery Observers
Selects Ammunition Storage
M4(105) Sherman Bulldozer
M18 Hellcat Tank Destroyer
Selects M2A1 105mm Howitzer Emplacement
M18 Hellcat Tank Destroyer
M18 Hellcat Tank Destroyer